 Dungeon Crawl Stone Soup version 0.29-a0-993-g4a18f31a58 (webtiles) character file.

Game seed: 5172554581133872279

100274 siradein the Devastator (level 15, -5/121 HPs)
             Began as a Green Draconian Conjurer on Aug 1, 2022.
             Was a High Priest of Vehumet.
             Slain by a steelbarb worm (11 damage)
             ... on level 1 of the Spider Nest on Aug 2, 2022.
             The game lasted 03:31:49 (32492 turns).

siradein the Devastator (Green Draconian Conjurer) Turns: 32492, Time: 03:31:49

Health: -5/121     AC: 24    Str: 12    XL:     15   Next: 80%
Magic:  0/42       EV: 15    Int: 25    God:    Vehumet [*****.]
Gold:   1865       SH:  0    Dex: 15    Spells: 4/42 levels left

rFire   + . .      SeeInvis +   M - +9 flail of Eplimex {drain, Str+2 Dex+5}
rCold   . . .      Faith    .   (no shield)
rNeg    . . .      Spirit   +   (body armour unavailable)
rPois   +          Reflect  .   E - +2 hat
rElec   .          Harm     .   t - +2 cloak
rCorr   .          Rampage  .   i - +2 pair of gloves
Will    +....                   g - +2 pair of boots
Stlth   ++........              r - amulet of the Priest {Spirit rF+ SInv}
HPRegen 0.30/turn               X - +4 ring of protection
MPRegen 0.28/turn               G - ring of magical power

@: confused, ambrosia-drunk, spiked
A: breathe noxious fumes, AC +9, unfitting armour, stinger 1, poison resistance,
cold-blooded
a: Breathe Noxious Fumes, Renounce Religion


You were on level 1 of the Spider Nest.
You worshipped Vehumet.
Vehumet was extremely pleased with you.
You visited 5 branches of the dungeon, and saw 24 of its levels.
You also visited: Gauntlet.

You collected 2537 gold pieces.
You spent 672 gold pieces at shops.

Inventory:

Hand Weapons
 x - the +4 sling "Killer Klown's Bane" {speed, rC++ Will+ Dex+2}
   (You took it off an orc warrior on level 8 of the Dungeon)

   Attacks with this weapon are significantly faster.
   Dex:       It affects your dexterity (+2).
   rC:        It greatly protects you from cold.
   Will:      It increases your willpower.
 M - the +9 flail of Eplimex (weapon) {drain, Str+2 Dex+5}
   (You found it in a Gauntlet)

   A truly terrible weapon, it drains the life of any living foe it strikes.
   Str:       It affects your strength (+2).
   Dex:       It affects your dexterity (+5).
Missiles
 c - 5 throwing nets
Armour
 g - a +2 pair of boots (worn)
 i - a +2 pair of gloves (worn)
 t - a +2 cloak (worn)
 E - a +2 hat (worn)
Magical Staves
 o - a staff of cold
 O - a staff of earth
Jewellery
 r - the amulet of the Priest (around neck) {Spirit rF+ SInv}
   (You found it on level 4 of the Dungeon)

   [amulet of guardian spirit]

   It causes incoming damage to be divided between your reserves of health and
   magic.
   rF:        It protects you from fire.
   SInv:      It lets you see invisible.
 u - a ring of see invisible
 w - an amulet of regeneration
 F - a ring of resist corrosion
 G - a ring of magical power (right hand)
 W - a ring of ice
 X - a +4 ring of protection (left hand)
 Z - a +4 ring of protection
Wands
 e - a wand of flame (55) (quivered)
 l - a wand of light (4)
 s - a wand of polymorph (21)
 y - a wand of mindburst (19)
 z - a wand of roots (11)
 B - a wand of paralysis (9)
 K - a wand of digging (3)
Scrolls
 d - 4 scrolls of vulnerability
 h - 3 scrolls of fear
 k - 7 scrolls of teleportation
 q - 7 scrolls of enchant weapon
 C - a scroll of torment
 I - 3 scrolls of immolation
 N - a scroll of butterflies {unknown}
 P - 5 scrolls of blinking
 R - a scroll of magic mapping
 T - a scroll of brand weapon
 V - a scroll of poison {unknown}
Potions
 a - 15 potions of curing
 b - 4 potions of haste
 f - 8 potions of resistance
 j - 8 potions of lignification
 n - 3 potions of attraction
 p - 4 potions of might
 v - 6 potions of flight
 D - 7 potions of heal wounds
 H - 3 potions of ambrosia
 J - a potion of invisibility
 L - a potion of mutation {unknown}
 Q - 2 potions of cancellation
 S - a potion of berserk rage {unknown}
 U - a potion of brilliance
 Y - a potion of magic
Miscellaneous
 A - a phantom mirror (inert)


   Skills:
 + Level 8.3 Fighting
 + Level 7.3 Dodging
 + Level 7.8 Stealth
 + Level 14.0 Spellcasting
 + Level 15.6 Conjurations
 - Level 5.0 Summonings
 - Level 5.0 Transmutations
 - Level 5.0 Fire Magic
 - Level 5.0 Ice Magic
 - Level 5.0 Air Magic
 + Level 3.6 Earth Magic
 - Level 5.0 Poison Magic
 + Level 7.6 Evocations


You had 4 spell levels left.
You knew the following spells:

 Your Spells              Type           Power      Damage    Failure   Level
a - Iskenderun's Battles  Conj           77%        2d13      1%          5
b - Freezing Cloud        Conj/Ice/Air   28%        6-21      1%          5
c - Yara's Violent Unrav  Hex/Tmut       15%        3d8       9%          5
d - Blink                 Tloc           34%        N/A       4%          2
e - Iskenderun's Mystic   Conj/Tloc      54%        2d12      1%          4
f - Magic Dart            Conj           100%       1d8       0%          1
h - Lee's Rapid Deconstr  Erth           17%        3d12*     5%          5
i - Fulminant Prism       Conj/Hex       27%        3d14      1%          4
j - Spellforged Servitor  Conj/Summ      31%        N/A       11%         7

Your spell library contained the following spells:

 Spells                   Type           Power      Damage    Failure   Level
 Starburst                Conj/Fire      31%        6d9       2%          6
 Searing Ray              Conj           100%       2d8       0%          2
 Sandblast                Erth           70%        2d15      1%          1
 Shock                    Conj/Air       100%       1d9       1%          1
 Sting                    Tmut/Pois      100%       1d8       1%          1
 Summon Small Mammal      Summ           100%       N/A       1%          1
 Passwall                 Tmut/Erth      32%        N/A       1%          2
 Poisonous Vapours        Pois/Air       84%        N/A       1%          2
 Call Canine Familiar     Summ           42%        N/A       1%          3
 Conjure Flame            Conj/Fire      62%        6-21      1%          3
 Dazzling Flash           Conj/Hex       100%       N/A       1%          3
 Ignite Poison            Fire/Tmut/Pois 42%        N/A       1%          3
 Mephitic Cloud           Conj/Pois/Air  56%        N/A       1%          3
 Ozocubu's Armour         Ice            42%        N/A       1%          3
 Stone Arrow              Conj/Erth      100%       3d13      1%          3
 Swiftness                Air            42%        N/A       1%          3
 Airstrike                Air            21%        2d(3-19)  1%          4
 Olgreb's Toxic Radiance  Pois           42%        N/A       1%          4
 Sticky Flame             Conj/Fire      62%        2d8       1%          4
 Apportation              Tloc           34%        N/A       3%          1
 Necrotise                Necr           68%        1d7       3%          1
 Summon Guardian Golem    Hex/Summ       30%        N/A       3%          3
 Petrify                  Tmut/Erth      39%        N/A       5%          4
 Lesser Beckoning         Tloc           17%        N/A       10%         3
 Portal Projectile        Hex/Tloc       34%        N/A       10%         3
 Tukima's Dance           Hex            17%        N/A       10%         3
 Vampiric Draining        Necr           17%        2d7       10%         3
 Leda's Liquefaction      Hex/Erth       13%        N/A       16%         4
 Passage of Golubria      Tloc           17%        N/A       32%         4
 Fireball                 Conj/Fire      31%        3d13      1%          5
 Orb of Destruction       Conj           38%        9d11      1%          7
 Conjure Ball Lightning   Conj/Air       31%        3x3d10    2%          6
 Metabolic Englaciation   Hex/Ice        15%        N/A       32%         5
 Agony                    Necr           17%        N/A       65%         5
 Manifold Assault         Tloc           17%        N/A       65%         5
 Statue Form              Tmut/Erth      26%        N/A       65%         6
 Simulacrum               Ice/Necr       15%        N/A       87%         6
 Storm Form               Tmut/Air       21%        N/A       98%         7
 Polar Vortex             Ice            21%        N/A       100%        9


Dungeon Overview and Level Annotations

Branches:
Dungeon (15/15)            Temple (1/1) D:4            Lair (5/5) D:9
  Swamp (0/4) Lair:2       Spider (1/4) Lair:3        Slime (0/5) Lair:4
    Orc (2/2) D:11            Elf (0/3) Orc:2        Vaults (0/5) D:13
 Depths (0/4) D:15        Gauntlet (visited)

Altars:
Ashenzari
Cheibriados
Dithmenos
Elyvilon
Fedhas
Gozag
Hepliaklqana
Kikubaaqudgha
Makhleb
Nemelex Xobeh
Okawaru
Qazlal
Ru
Sif Muna
Trog
Uskayaw
Vehumet
Wu Jian
Xom
Yredelemnul
Zin
The Shining One
Jiyva

Shops:
Orc:2 :[(!

Annotations:
D:14 6 transporters
D:15 1 runed translucent door
Orc:2 2 transporters, Pooter's ghost, journeyman MiBe


Innate Abilities, Weirdness & Mutations

You can breathe blasts of noxious fumes.
Your lurid green scales are hard. (AC +9)
You cannot fit into any form of body armour.
Your tail ends in a venomous barb.
Your system is resistant to poisons. (rPois)
You are cold-blooded and may be slowed by cold attacks.


Message History

Unknown command.
Unknown command.
Unknown command.
The culicivora bites you.
* * * LOW HITPOINT WARNING * * *
The culicivora draws strength from your injuries!
The steelbarb worm hits you!!
* * * LOW HITPOINT WARNING * * *
Barbed spikes become lodged in your body.
The culicivora bites you but does no damage.
The redback barely misses you.
Unknown command.
Unknown command.
You feel less wooden.
Your +2 cloak unmelds from your body.
Your +2 hat unmelds from your body.
Your +2 pair of gloves unmelds from your body.
Your +2 pair of boots unmelds from your body.
The steelbarb worm barely misses you. The redback barely misses you.
The culicivora bites you!
* * * LOW HITPOINT WARNING * * *
The culicivora draws strength from your injuries!
The steelbarb worm completely misses you.
Unknown command.
Unknown command.
The redback barely misses you.
The culicivora bites you but does no damage.
The steelbarb worm hits you!
* * * LOW HITPOINT WARNING * * *
Barbed spikes become lodged in your body.
The culicivora bites you but does no damage.
The redback bites you.
* * * LOW HITPOINT WARNING * * *
Unknown command.
Unknown command.
The redback bites you but does no damage.
The culicivora bites you!
* * * LOW HITPOINT WARNING * * *
The culicivora draws strength from your injuries!
The steelbarb worm hits you!
You die...

##... ... ##..... #...
#?.....#####....
#.....##.#.....#
###....#......#
....†..##....##
#........†##
##.*.......#
#.@w.......>. #.
#.ss......... #..
###...#.#....°# #...
..#.....####...####....
...........#####.......
.................†..†.
..................##
......#####........#
....## ##..#....# #


You could see a steelbarb worm, a culicivora, a redback and a friendly
battlesphere.

Vanquished Creatures
  Rupert (D:13)
  Jorgrun (Orc:1)
  Kirke (D:13)
  An orc warlord (Orc:1)
  An ironbound preserver (D:13)
  2 broodmothers
  A spark wasp (Spider:1)
  A fire dragon (Lair:5)
  A boulder beetle (D:13)
  Harold (D:11)
  3 centaur warriors
  A catoblepas (Lair:5)
  3 hydras
  Erica (Orc:1)
  4 ogre magi
  5 two-headed ogres
  A vampire mage (D:15)
  An orc high priest (Orc:1)
  5 death yaks (Lair:2)
  A deep elf knight (Orc:1)
  Nergalle (Orc:2)
  5 skeletal warriors
  A pharaoh ant (Lair:3)
  An orb spider (Spider:1)
  A wizard (D:15)
  A swamp dragon (Lair:5)
  A deep elf pyromancer (D:15)
  A deep elf zephyrmancer (Orc:1)
  A manticore (D:11)
  8 orc sorcerers
  2 oklob plants (Lair:4)
  5 wolf spiders
  A nameless horror (Spider:1)
  5 cyclopes
  An ugly thing (D:13)
  A fire giant skeleton (D:15)
  11 black mambas
  A guardian serpent (Lair:5)
  16 elephants
  An ice statue (D:12)
  3 gargoyles
  A torpor snail (Gauntlet)
  10 cane toads
  2 demonic crawlers
  An unseen horror (D:12)
  3 rime drakes (Lair:5)
  8 komodo dragons
  A komodo dragon (shapeshifter) (D:14)
  An efreet (D:14)
  A tengu conjurer (D:15)
  A queen bee (Lair:1)
  3 meliai (D:14)
  4 trolls
  4 hornets
  2 polar bears (Lair:5)
  7 blink frogs
  A tarantella (Spider:1)
  5 slime creatures (D:12)
  A shadow (D:11)
  A wraith (D:6)
  Sigmund (D:4)
  7 culicivoras (Spider:1)
  6 jumping spiders
  A vampire (D:10)
  12 wyverns
  2 hogs (D:13)
  37 yaks
  7 basilisks
  A hog (shapeshifter) (D:15)
  A small abomination (Gauntlet)
  12 redbacks
  3 steam dragons (Lair:5)
  13 vampire mosquitoes
  10 wargs
  Menkaure (D:4)
  6 acid dragons
  20 water moccasins
  A swamp drake (Lair:5)
  22 orc warriors
  2 black bears
  9 ogres
  10 wolves
  4 boggarts (D:15)
  16 centaurs
  A phantom (D:7)
  A kobold brigand (D:9)
  A gnoll sergeant (Orc:1)
  12 bullfrogs
  3 scorpions
  4 wights (D:7)
  14 killer bees (Lair:1)
  5 electric eels (Lair:2)
  3 howler monkeys
  2 gnoll boudas
  2 hounds (D:5)
  3 jellies
  15 orc priests
  Natasha (thrice) (D:3)
  Terence (D:2)
  3 iguanas
  36 orc wizards
  15 gnolls
  4 adders
  A shadow imp (Gauntlet)
  3 white imps
  2 worms
  A dart slug (D:5)
  108 orcs
  6 ball pythons
  6 endoplasms
  3 giant cockroaches
  10 goblins
  4 hobgoblins (D:1)
  11 kobolds
  2 bats
  A frilled lizard (D:1)
  4 rats
  A butterfly (Lair:2)
  2 fulminant prisms (D:8)
658 creatures vanquished.

Vanquished Creatures (collateral kills)
  A juggernaut skeleton (D:15)
  An entropy weaver (Spider:1)
  A hydra (D:13)
  3 centaur warriors
  2 skeletal warriors (D:15)
  A golden dragon zombie (D:15)
  A wolf spider (Spider:1)
  A necromancer (D:15)
  An ugly thing (D:13)
  An ice statue (D:12)
  A cane toad (shapeshifter) (D:15)
  A freezing wraith (D:15)
  A troll (D:13)
  2 tarantellas (Spider:1)
  A jumping spider (Spider:1)
  A culicivora (Spider:1)
  2 hogs (D:13)
  2 redbacks (Spider:1)
  A glowing shapeshifter zombie (D:15)
  5 centaurs
30 creatures vanquished.

Vanquished Creatures (others)
  An orc wizard (Orc:2)
  47 fulminant prisms
  43 fungi
  87 plants
  12 withered plants (D:15)
190 creatures vanquished.

Grand Total: 878 creatures vanquished

Notes
Turn   | Place    | Note
-------+----------+-------------------------------------------
     0 | D:1      | siradein the Draconian Conjurer began the quest for the
                  | Orb.
     0 | D:1      | Reached XP level 1. HP: 14/14 MP: 3/3
   295 | D:1      | Found a faded altar of an unknown god.
   305 | D:1      | Reached XP level 2. HP: 20/20 MP: 0/5
   470 | D:1      | Learned a level 2 spell: Searing Ray
  1085 | D:2      | Reached XP level 3. HP: 26/26 MP: 5/7
  1196 | D:2      | Noticed Terence
  1221 | D:2      | Killed Terence
  1527 | D:2      | Reached skill level 5 in Conjurations
  1527 | D:2      | Reached XP level 4. HP: 16/33 MP: 2/8
  2374 | D:2      | Learned a level 4 spell: Fulminant Prism
  2703 | D:3      | Found an ornate altar of the Wu Jian Council.
  2850 | D:3      | Noticed Natasha
  2853 | D:3      | Killed Natasha
  3327 | D:3      | Identified the +1 scale mail of Hugyq {*Slow rPois rC+++
                  | Int-5}
  3500 | D:3      | Noticed Natasha
  3508 | D:3      | Killed Natasha
  3509 | D:3      | Reached XP level 5. HP: 38/38 MP: 4/10
  3518 | D:3      | Noticed Natasha
  3530 | D:3      | Killed Natasha
  3691 | D:4      | Found a staircase to the Ecumenical Temple.
  3863 | D:4      | Reached XP level 6. HP: 45/45 MP: 3/12
  3975 | D:4      | Noticed Menkaure
  3981 | D:4      | Killed Menkaure
  3982 | D:4      | Reached skill level 6 in Conjurations
  4140 | Temple   | Entered the Ecumenical Temple
  4147 | Temple   | Became a worshipper of Vehumet
  4186 | D:4      | Noticed Sigmund
  4198 | D:4      | Killed Sigmund
  4199 | D:4      | Reached skill level 5 in Spellcasting
  4199 | D:4      | Your scales start taking on a lurid green colour.
  4199 | D:4      | Reached XP level 7. HP: 44/50 MP: 6/14
  4199 | D:4      | Gained mutation: Your system is resistant to poisons.
                  | (rPois) [Green Draconian growth]
  4698 | D:4      | Identified the amulet of the Priest {Spirit rF+ SInv}
  4788 | D:4      | Reached skill level 7 in Conjurations
  4876 | D:5      | Entered Level 5 of the Dungeon
  5843 | D:5      | Reached XP level 8. HP: 57/57 MP: 9/17
  6064 | D:6      | Reached skill level 8 in Conjurations
  6943 | D:7      | Reached * piety under Vehumet
  6943 | D:7      | Offered knowledge of Sandblast by Vehumet.
  7533 | D:7      | Found a white marble altar of Elyvilon.
  7850 | D:7      | Reached skill level 9 in Conjurations
  7992 | D:7      | Reached XP level 9. HP: 62/62 MP: 6/20
  8260 | D:7      | Learned a level 2 spell: Blink
  8265 | D:7      | Learned a level 4 spell: Iskenderun's Mystic Blast
  8531 | D:8      | Identified the +4 sling "Killer Klown's Bane" {speed, rC++
                  | Will+ Dex+2}
  9043 | D:8      | Reached skill level 10 in Conjurations
  9173 | D:8      | Reached ** piety under Vehumet
  9179 | D:8      | Offered knowledge of Foxfire by Vehumet.
  9510 | D:9      | Found a staircase to the Lair.
  9794 | D:9      | Reached skill level 11 in Conjurations
  9794 | D:9      | Reached XP level 10. HP: 69/69 MP: 15/23
  9821 | D:9      | Offered knowledge of Ignite Poison by Vehumet.
  9870 | D:9      | Learned a level 4 spell: Olgreb's Toxic Radiance
  9874 | D:9      | Learned a level 3 spell: Ignite Poison
  9934 | D:9      | Found a broken altar of Ashenzari.
 10000 | D:9      | Found an iron altar of Okawaru.
 10084 | D:9      | Reached *** piety under Vehumet
 10187 | D:10     | Entered Level 10 of the Dungeon
 10259 | D:10     | Reached skill level 1 in Poison Magic
 10273 | D:10     | Noticed a two-headed ogre
 10277 | D:10     | Killed a two-headed ogre
 10278 | D:10     | Reached skill level 1 in Transmutations
 10278 | D:10     | Reached skill level 1 in Fire Magic
 10521 | D:10     | Reached skill level 10 in Spellcasting
 10617 | D:10     | Offered knowledge of Hailstorm by Vehumet.
 10828 | D:10     | Identified the +0 dagger of the Candelabrum {venom, Will-
                  | rCorr Dex+4}
 11181 | D:11     | Noticed Harold
 11187 | D:11     | Killed Harold
 11526 | D:11     | Noticed a cyclops
 11531 | D:11     | Killed a cyclops
 11802 | D:11     | Noticed a two-headed ogre
 11810 | D:11     | Killed a two-headed ogre
 11811 | D:11     | Reached XP level 11. HP: 67/74 MP: 9/25
 12239 | D:11     | Reached skill level 12 in Conjurations
 12248 | D:11     | Reached skill level 5 in Poison Magic
 12502 | D:11     | Found a staircase to the Orcish Mines.
 12686 | Lair:1   | Entered Level 1 of the Lair of Beasts
 12860 | Lair:1   | Reached **** piety under Vehumet
 12862 | Lair:1   | Offered knowledge of Mephitic Cloud by Vehumet.
 13212 | Lair:1   | Reached skill level 5 in Transmutations
 13219 | Lair:1   | Reached skill level 5 in Fire Magic
 13795 | Lair:2   | Learned a level 3 spell: Mephitic Cloud
 13959 | Lair:2   | Found a staircase to the Swamp.
 13964 | Lair:2   | Noticed a death yak
 13965 | Lair:2   | Noticed a death yak
 13966 | Lair:2   | Noticed a death yak
 13966 | Lair:2   | Noticed a death yak
 13967 | Lair:2   | Noticed a death yak
 13972 | Lair:2   | Killed a death yak
 13973 | Lair:2   | Reached skill level 13 in Conjurations
 13982 | Lair:2   | Killed a death yak
 14155 | Lair:2   | Killed a death yak
 14156 | Lair:2   | Reached XP level 12. HP: 47/81 MP: 18/27
 14496 | Lair:2   | Killed a death yak
 14506 | Lair:2   | Killed a death yak
 14878 | Lair:3   | Reached skill level 1 in Fighting
 14878 | Lair:3   | Reached skill level 1 in Evocations
 14980 | Lair:3   | Found a hole to the Spider Nest.
 15322 | Lair:3   | Reached ***** piety under Vehumet
 15326 | Lair:3   | Offered knowledge of Fireball by Vehumet.
 15336 | Lair:3   | Learned a level 5 spell: Fireball
 15936 | Lair:4   | Upgraded the game from 0.29-a0-973-gac7da5f7f0 to
                  | 0.29-a0-982-gaed3a0c8d8
 16629 | Lair:4   | Found a viscous altar of Jiyva.
 16631 | Lair:4   | Found a staircase to the Slime Pits.
 16637 | Lair:4   | Reached skill level 14 in Conjurations
 17506 | Lair:4   | Learned a level 7 spell: Spellforged Servitor
 17512 | Lair:5   | Entered Level 5 of the Lair of Beasts
 17551 | Lair:5   | Noticed a catoblepas
 17560 | Lair:5   | Killed a catoblepas
 17585 | Lair:5   | Reached XP level 13. HP: 95/95 MP: 6/29
 17650 | Lair:5   | Reached skill level 1 in Summonings
 17668 | Lair:5   | Found a gate leading to a gauntlet.
 17675 | Gauntlet | Entered a Gauntlet
 17675 | Gauntlet | Found a transporter.
 17754 | Gauntlet | Found a transporter.
 17757 | Gauntlet | Found a transporter.
 17758 | Gauntlet | Found a transporter.
 17766 | Gauntlet | Found a transporter.
 17769 | Gauntlet | Found a transporter.
 17770 | Gauntlet | Found a transporter.
 17772 | Gauntlet | Noticed a reaper
 17779 | Gauntlet | Found a transporter.
 17782 | Gauntlet | Found a transporter.
 17783 | Gauntlet | Found a transporter.
 17791 | Gauntlet | Found a transporter.
 17794 | Gauntlet | Found a transporter.
 17795 | Gauntlet | Found a transporter.
 17803 | Gauntlet | Found a transporter.
 18007 | Gauntlet | Identified the +9 flail of Eplimex {drain, Str+2 Dex+5}
 18242 | Gauntlet | Noticed a minotaur
 18260 | Lair:5   | Learned a level 5 spell: Iskenderun's Battlesphere
 18267 | Lair:5   | Learned a level 5 spell: Freezing Cloud
 18498 | Lair:5   | Reached skill level 1 in Ice Magic
 18498 | Lair:5   | Reached skill level 1 in Air Magic
 18860 | Lair:5   | Offered knowledge of Lightning Bolt by Vehumet.
 18995 | Lair:5   | Reached skill level 5 in Stealth
 19232 | Lair:5   | Reached skill level 5 in Fighting
 19924 | Lair:5   | Reached skill level 5 in Dodging
 20698 | Lair:5   | Noticed a fire dragon
 20701 | Lair:5   | Reached skill level 5 in Evocations
 20707 | Lair:5   | Killed a fire dragon
 20758 | Lair:5   | Gained mutation: Your tail ends in a venomous barb. [Green
                  | Draconian growth]
 20758 | Lair:5   | Reached XP level 14. HP: 107/107 MP: 15/31
 22273 | Orc:1    | Entered Level 1 of the Orcish Mines
 22315 | Orc:1    | Noticed Erica
 22319 | Orc:1    | Killed Erica
 22444 | Orc:2    | Entered Level 2 of the Orcish Mines
 22675 | Orc:2    | Found a transporter.
 22701 | Orc:2    | Noticed Pooter's ghost (journeyman MiBe)
 22921 | Orc:2    | Offered knowledge of Ozocubu's Refrigeration by Vehumet.
 22972 | Orc:2    | Found a staircase to the Elven Halls.
 23011 | Orc:2    | Found a transporter.
 23444 | Orc:2    | Found Cykhluot's Distillery.
 23484 | Orc:2    | Bought a potion of curing for 33 gold pieces
 23484 | Orc:2    | Bought a potion of brilliance for 44 gold pieces
 23484 | Orc:2    | Bought a potion of heal wounds for 55 gold pieces
 23497 | Orc:2    | Found an ancient bone altar of Kikubaaqudgha.
 23497 | Orc:2    | Noticed Nergalle
 23509 | Orc:2    | Killed Nergalle
 23758 | Orc:2    | Found a radiant altar of Vehumet.
 23767 | Orc:2    | Paralysed by an orc sorcerer for 4 turns
 23933 | Orc:2    | Found Meem's Antique Armour Shop.
 23940 | Orc:2    | Found Dyiluxy's Book Shop.
 23948 | Orc:2    | Found Fieg's Antique Weapon Boutique.
 23951 | Orc:2    | Bought a book of the Earth for 540 gold pieces
 24008 | Orc:2    | Found a bloodstained altar of Trog.
 24247 | Orc:1    | Noticed Jorgrun
 24256 | Orc:1    | Killed Jorgrun
 24650 | Orc:1    | Identified the +9 scimitar of Dismemberment {vorpal, rF+
                  | Str+3 Dex+4}
 24652 | Orc:1    | Noticed an orc warlord
 24658 | Orc:1    | Reached skill level 15 in Conjurations
 24667 | Orc:1    | Killed an orc warlord
 25638 | D:13     | Noticed Rupert
 25736 | D:13     | Reached skill level 5 in Summonings
 26101 | D:13     | Noticed an ironbound preserver
 26113 | D:13     | Killed an ironbound preserver
 26280 | D:13     | Found a gate to the Vaults.
 26351 | D:13     | Reached XP level 15. HP: 117/117 MP: 27/32
 26358 | D:13     | Learned a level 5 spell: Lee's Rapid Deconstruction
 26778 | D:12     | Offered knowledge of Starburst by Vehumet.
 26893 | D:12     | Identified the +4 scale mail of Repulsion {rC+ Stlth+}
 27180 | D:13     | Paralysed by Rupert for 5 turns
 27186 | D:13     | Killed Rupert
 27371 | D:13     | Noticed Kirke
 27380 | D:13     | Killed Kirke
 27381 | D:13     | Reached skill level 5 in Air Magic
 27555 | D:14     | Reached skill level 1 in Earth Magic
 27697 | D:14     | Reached skill level 5 in Ice Magic
 27748 | D:14     | Found a transporter.
 27752 | D:14     | Found a transporter.
 27752 | D:14     | Found a transporter.
 27759 | D:14     | Found a transporter.
 27815 | D:14     | Found a transporter.
 27823 | D:14     | Found a transporter.
 28234 | D:15     | Entered Level 15 of the Dungeon
 28711 | D:15     | Found a staircase to the Depths.
 29361 | D:15     | Found a runed translucent door.
 29925 | D:15     | Found a hide-covered altar of Uskayaw.
 30134 | Spider:1 | Entered Level 1 of the Spider Nest
 30135 | Spider:1 | Upgraded the game from 0.29-a0-982-gaed3a0c8d8 to
                  | 0.29-a0-993-g4a18f31a58
 30158 | Lair:3   | HP: 5/117 [jumping spider[a broodmother] (4)]
 31190 | Lair:3   | Learned a level 5 spell: Yara's Violent Unravelling
 32476 | Spider:1 | HP: 4/181 [steelbarb worm (17)]
 32481 | Spider:1 | HP: 6/181 [steelbarb worm (8)]
 32492 | Spider:1 | HP: 6/121 [culicivora (7)]
 32492 | Spider:1 | Slain by a steelbarb worm

Illustrated notes

Levels and vault maps discovered:
D:1:      lightli_arrival_windingriver, layout_rooms, basic_ecumenical_altar,
          chequers_big_river
D:2:      layout_basic, minmay_cupped, uniq_terence
D:3:      layout_basic, mainiacjoe_overflow_24_doors, nicolae_underground_beach,
          uniq_natasha
D:4:      layout_loops_ring, minmay_temple_entry_junction_2, uniq_sigmund,
          uniq_menkaure
D:5:      layout_basic
D:6:      layout_loops_ring
D:7:      layout_gridville, nicolae_elyvilon_peaceful_grove,
          chequers_hall_statues_wall_a, minivault_26
D:8:      layout_rooms, special_room [special_room_orc],
          kennysheep_generic_room_10
D:9:      layout_rooms, amcnicky_altar_gilded, kennysheep_okawaru_gauntlet,
          lair_entry_dummy
D:10:     layout_irregular_city, st_stairs_5
D:11:     layout_basic, hiddenorc1_lemuel, grunt_ministairs_1, uniq_harold
D:12:     layout_long_grid, minmay_misc_feat_more_columns, david_greed
D:13:     layout_long_grid, skrybe_vaults_entry_preservation,
          chequers_serial_rivers_room_a, uniq_kirke, uniq_rupert
D:14:     layout_big_octagon, serial_nicolae_subway,
          nicolae_sub_station_crystal, nicolae_sub_station_stone,
          nicolae_sub_station_metal
D:15:     gammafunk_depths_entry_grave, layout_loops_cross,
          chequers_serial_rivers_micro_d, dk_noncrumbling_2,
          nicolae_danse_macabre
Temple:   nicolae_temple_no_exploring_needed
Lair:1:   layout_roguey, special_room [special_room_bee]
Lair:2:   layout_misc_corridors, minmay_swamp_entry_eels, lemuel_fruit_fields,
          infiniplex_staircase_pool
Lair:3:   layout_cellular_growth, spider_nest_entry_a
Lair:4:   layout_cave_pods, minmay_slime_entry_oklob_open
Lair:5:   hangedman_lair_tendril_chambers, layout_hall_layers,
          guppyfry_lair_end_dragon, gauntlet_entry_generic
Spider:1: layout_spider_delve, drop_trap
Orc:1:    layout_caves, elf_legates, uniq_erica, uniq_jorgrun
Orc:2:    kennysheep_orc_mage_school, layout_caves, basic_altar,
          gammafunk_ghost_wrathful_warriors, nooodl_orcs_dogs

Skill      XL: |  1  2  3  4  5  6  7  8  9 10 11 12 13 14 15 |
---------------+----------------------------------------------+-----
Spellcasting   | 3 4 5 6 7 9 10 11 12 13 14 | 14.0
Conjurations   | 5 6 7 9 11 13 14 15 | 15.6
Poison Magic   | 4 5 |  5.0
Transmutations | 3 5 |  5.0
Fire Magic     | 3 5 |  5.0
Stealth        | 4 5 6 7 |  7.8
Dodging        | 3 5 6 7 |  7.3
Fighting       | 3 5 6 8 |  8.3
Evocations     | 3 5 6 7 |  7.6
Summonings     | 3 5 |  5.0
Ice Magic      | 2 4 5 |  5.0
Air Magic      | 2 4 5 |  5.0
Earth Magic    | 3 |  3.6

Action                   |  1- 3 |  4- 6 |  7- 9 | 10-12 | 13-15 || total
-------------------------+-------+-------+-------+-------+-------++-------
Melee: Short sword       |       |    11 |    35 |       |       ||    46
       Punch             |       |     1 |     1 |       |     1 ||     3
       Tailslap          |       |       |     6 |     3 |    10 ||    19
       Rapier            |       |       |       |    21 |    30 ||    51
       Quarterstaff      |       |       |       |    12 |       ||    12
       Flail             |       |       |       |       |    23 ||    23
       Staff             |       |       |       |       |     7 ||     7
 Fire: Sling             |       |       |   131 |    79 |       ||   210
 Cast: Magic Dart        |    39 |    65 |   111 |       |   468 ||   683
       Searing Ray       |     5 |     5 |    43 |    28 |       ||    81
       Fulminant Prism   |       |       |    27 |    10 |    12 ||    49
       Ignite Poison     |       |       |       |    95 |    45 ||   140
       Olgreb's Toxic Ra |       |       |       |    75 |    45 ||   120
       Mephitic Cloud    |       |       |       |    13 |       ||    13
       Fireball          |       |       |       |    27 |       ||    27
       Iskenderun's Myst |       |       |       |     1 |    32 ||    33
       Freezing Cloud    |       |       |       |       |    95 ||    95
       Iskenderun's Batt |       |       |       |       |   105 ||   105
       Blink             |       |       |       |       |     6 ||     6
       Spellforged Servi |       |       |       |       |    35 ||    35
       Lee's Rapid Decon |       |       |       |       |    23 ||    23
 Abil: Breathe Noxious F |       |       |    20 |    14 |    26 ||    60
Evoke: Wand              |       |     6 |       |       |     4 ||    10
       Phantom mirror    |       |       |       |       |     1 ||     1
  Use: Potion            |     1 |       |       |       |     6 ||     7
       Scroll            |       |       |    10 |    12 |    12 ||    34
 Stab: Confused          |       |       |     1 |       |       ||     1
       Distracted        |       |       |       |       |     1 ||     1
Armor: Skin              |       |     1 |    60 |    71 |   235 ||   367
Dodge: Dodged            |     7 |     7 |    85 |    99 |   251 ||   449

Table legend: (Time is in decaauts)
 A = Elapsed time spent in this place.
 B = Non-inter-level travel time spent in this place.
 C = Inter-level travel time spent in this place.
 D = Time resting spent in this place.
 E = Time spent auto-exploring this place.
 F = Levels seen in this place.
 G = Mean time per level.
                   A        B        C        D        E       F      G
               +--------+--------+--------+--------+--------+-----+--------+
         Total |  32601 |  31105 |   1496 |    782 |  26145 |  25 | 1304.0 |
       Dungeon |  18746 |  17793 |    953 |    224 |  15248 |  15 | 1249.7 |
        Temple |     14 |     14 |      0 |      0 |      0 |   1 |   14.0 |
          Lair |   9592 |   9300 |    292 |    136 |   8000 |   5 | 1918.4 |
   Spider Nest |    604 |    604 |      0 |     32 |    409 |   1 |  604.0 |
  Orcish Mines |   3056 |   2807 |    249 |    226 |   2203 |   2 | 1528.0 |
      Gauntlet |    588 |    588 |      0 |    164 |    284 |   1 |  588.0 |
               +--------+--------+--------+--------+--------+-----+--------+

Top non-repeatable levels by time:
  Lair:3: 3066 daAuts
  Lair:5: 2898 daAuts
   Orc:2: 2316 daAuts
    D:13: 1864 daAuts
    D:15: 1723 daAuts
    D:11: 1643 daAuts
  Lair:4: 1589 daAuts
     D:2: 1533 daAuts
    D:12: 1516 daAuts
     D:7: 1339 daAuts
     D:3: 1297 daAuts
  Lair:1: 1250 daAuts
     D:8: 1210 daAuts
     D:5: 1129 daAuts
     D:4: 1105 daAuts
